 Dungeon Crawl Stone Soup version 0.30-a0-424-g7412bad402 (webtiles) character file.

Game seed: 1696365962785296786

139 IdlyInterested the Firebug (level 5, 0/41 HPs)
             Began as a Demonspawn Wanderer on Dec 9, 2022.
             Slain by a kobold brigand
             ... wielding a +0 short sword
              (3 damage)
             ... in a sewer.
             The game lasted 00:09:27 (2351 turns).

IdlyInterested the Firebug (Demonspawn Wanderer)    Turns: 2351, Time: 00:09:28

Health: 0/41       AC:  7    Str: 15    XL:     5   Next: 1%
Magic:  6/6        EV:  9    Int: 17    God:
Gold:   70         SH:  9    Dex:  8    Spells: 6/6 levels left

rFire   . . .      SeeInvis .    v - staff of poison
rCold   . . .      Faith    .    m - orb {light}
rNeg    . . .      Spirit   .    c - +0 scale mail
rPois   +          Reflect  +    (no helmet)
rElec   .          Harm     .    (no cloak)
rCorr   .          Rampage  .    (no gloves)
Will    .....                    s - +0 pair of boots
Stlth   ..........               y - amulet of reflection
HPRegen 0.26/turn                (no ring)
MPRegen 0.10/turn                (no ring)

@: attractive, glowing
A: condensation shield
a: no special abilities


You were in a sewer.
You visited 1 branch of the dungeon, and saw 3 of its levels.
You also visited: Sewer.

You collected 70 gold pieces.

Inventory:

Hand Weapons
 g - a +0 trident
 h - a +0 short sword
 i - a +1 spear
 p - a +0 flail
 w - a +0 war axe
Missiles
 l - 5 boomerangs of dispersal
 r - 21 poisoned darts (quivered)
 u - 3 boomerangs
Armour
 c - a +0 scale mail (worn)
 f - a +0 robe
 m - an orb of light (worn)
 o - a +0 leather armour
 s - a +0 pair of boots (worn)
 t - a +0 ring mail
Magical Staves
 v - a staff of poison (weapon)
Jewellery
 y - an amulet of reflection (around neck)
Scrolls
 b - a scroll of blinking
 j - a scroll of teleportation
 k - a scroll of butterflies
Potions
 e - 2 potions of magic
 n - a potion of lignification
 x - a potion of brilliance


   Skills:
 * Level 3.0 Fighting
 + Level 0.8 Staves
 - Level 2.0 Armour
 - Level 1.0 Spellcasting
 - Level 4.0 Fire Magic
 - Level 4.0 Poison Magic


You had 6 spell levels left.
You didn't know any spells.
Your spell library contained the following spells:

 Spells                   Type           Power      Damage    Failure   Level
 Foxfire                  Conj/Fire      28%        2x1d5     36%         1
 Sting                    Tmut/Pois      44%        1d5       36%         1
 Cigotuvi's Dreadful Rot  Necr/Pois/Air  16%        N/A       58%         2
 Magic Dart               Conj           0%         1d3       63%         1
 Ignite Poison            Fire/Tmut/Pois 14%        N/A       65%         3
 Call Imp                 Summ           0%         N/A       77%         2
 Mephitic Cloud           Conj/Pois/Air  8%         N/A       83%         3


Dungeon Overview and Level Annotations

Branches:
Dungeon (3/15)              Sewer (1/1)

Altars:


Innate Abilities, Weirdness & Mutations

A meltable shield of frost defends you. (SH +4)


Message History

You block the kobold brigand's attack.
You hit the kobold.
The kobold is severely wounded.
You block the kobold's attack.
The kobold brigand hits you but does no damage.
You closely miss the kobold brigand.
The kobold brigand is heavily wounded.
The kobold hits you but does no damage. You block the kobold brigand's attack.
You hit the kobold brigand.
The kobold brigand is heavily wounded.
The kobold brigand looks more healthy.
The kobold closely misses you.
The kobold brigand hits you with a +0 short sword.
* * * LOW HITPOINT WARNING * * *
You block the kobold brigand's attack. The kobold barely misses you.
The kobold is attracted toward you.
You barely miss the kobold brigand.
The kobold brigand is heavily wounded.
The kobold is engulfed in blazing flames.
The kobold dies!
The kobold brigand barely misses you. The kobold barely misses you.
You hit the kobold brigand.
The kobold brigand is severely wounded.
The kobold brigand hits you with a +0 short sword.
* * * LOW HITPOINT WARNING * * *
You block the kobold's attack.
Unknown command.
You closely miss the kobold brigand.
The kobold brigand is severely wounded.
You block the kobold brigand's attack. The kobold closely misses you.
You hit the kobold brigand.
The kobold brigand is severely wounded.
The kobold brigand hits you with a +0 short sword.
* * * LOW HITPOINT WARNING * * *
The kobold hits you with a +0 short sword.
* * * LOW HITPOINT WARNING * * *
Unknown command.
You hit the kobold brigand but do no damage.
The kobold brigand is severely wounded.
The kobold brigand hits you with a +0 short sword.
You die...

#≈≈≈#≈≈≈≈≈≈≈...#≈~≈≈≈≈#
#≈≈≈#≈≈≈≈≈~#...#~~≈≈≈≈#
#~~≈#≈≈≈≈~...≈...~≈≈~≈#
#~≈~#.≈≈~..#≈≈≈#..~≈~~#
#≈.≈#.)....#~≈≈#......#
#~.~#)#######≈#######+#
#≈~~#......#...#....
#≈.~.~≈~~~~.....~~~~
#~≈≈#≈≈≈≈~≈#@K.#~≈≈
#############K#### ..#
○... ....+ _.○.+ ....+
.○..#


You could see a kobold brigand and a kobold.

Vanquished Creatures
  A gnoll (D:1)
  3 adders (D:2)
  A shadow imp (Sewer)
  2 ufetubi (Sewer)
  4 worms
  2 dart slugs
  5 ball pythons
  7 bats
  3 endoplasms
  4 giant cockroaches
  4 goblins
  2 hobgoblins (D:1)
  6 jackals
  14 kobolds
  A quokka (D:1)
  4 frilled lizards
  2 kobold zombies (Sewer)
  4 rats
69 creatures vanquished.

Vanquished Creatures (others)
  2 kobolds (Sewer)
  A giant cockroach zombie (Sewer)
  2 kobold zombies (Sewer)
  A fungus (D:1)
  A plant (D:1)
7 creatures vanquished.

Grand Total: 76 creatures vanquished

Notes
Turn   | Place    | Note
-------+----------+-------------------------------------------
     0 | D:1      | IdlyInterested the Demonspawn Wanderer began the quest for
                  | the Orb.
     0 | D:1      | IdlyInterested set off with the following items: a +0 club,
                  | a scroll of blinking, a +0 scale mail; and the following
                  | spells available to memorise: Foxfire, Sting, Cigotuvi's
                  | Dreadful Rot, Ignite Poison, Mephitic Cloud.
     0 | D:1      | Reached XP level 1. HP: 13/13 MP: 2/2
   230 | D:1      | Gained mutation: A meltable shield of frost defends you.
                  | (SH +4) [demonic ancestry]
   230 | D:1      | Reached XP level 2. HP: 15/20 MP: 3/3
   442 | D:1      | Reached skill level 1 in Fighting
   586 | D:1      | Reached XP level 3. HP: 26/26 MP: 4/4
   603 | D:1      | Found a faded altar of an unknown god.
  1123 | D:2      | Reached XP level 4. HP: 30/33 MP: 5/5
  1968 | D:3      | Found a glowing drain.
  1972 | Sewer    | Entered a sewer
  2321 | Sewer    | Found a burning altar of Makhleb.
  2321 | Sewer    | Noticed a kobold brigand
  2336 | Sewer    | Reached XP level 5. HP: 21/41 MP: 6/6
  2351 | Sewer    | Slain by a kobold brigand

Illustrated notes

Levels and vault maps discovered:
D:1:      lemuel_arrival_room, layout_loops_ring,
          shapermc_ecumenical_altar_mp_ritualfount,
          chequers_serial_rivers_small_a
D:2:      layout_basic, hex_medium
D:3:      layout_basic, mainiacjoe_overflow_swirl, gup_sewer_entry_bowl
Sewer:    kennysheep_sewer_church

Skill      XL: |  1  2  3  4 |
---------------+-------------+-----
Armour         | 2 |  2.0
Fighting       | 1 2 3 |  3.0
Fire Magic     | 4 |  4.0
Poison Magic   | 4 |  4.0
Staves         | |  0.8
Spellcasting   | |  1.0

Action                   |  1- 3 |  4- 6 || total
-------------------------+-------+-------++-------
Melee: Mace              |   104 |       ||   104
       Spear             |    25 |    34 ||    59
       Flail             |     4 |       ||     4
       Staff             |       |   145 ||   145
  Use: Scroll            |     6 |     4 ||    10
       Potion            |       |     2 ||     2
Armor: Scale mail        |    68 |    64 ||   132
Dodge: Dodged            |    70 |    66 ||   136
Block: Other             |    12 |       ||    12
       Orb               |     8 |    77 ||    85

Table legend: (Time is in decaauts)
 A = Elapsed time spent in this place.
 B = Non-inter-level travel time spent in this place.
 C = Inter-level travel time spent in this place.
 D = Time resting spent in this place.
 E = Time spent auto-exploring this place.
 F = Levels seen in this place.
 G = Mean time per level.
                   A        B        C        D        E       F      G
               +--------+--------+--------+--------+--------+-----+--------+
         Total |   2434 |   2277 |    157 |    307 |   1131 |   4 |  608.5 |
       Dungeon |   2034 |   1877 |    157 |    150 |   1075 |   3 |  678.0 |
         Sewer |    400 |    400 |      0 |    157 |     56 |   1 |  400.0 |
               +--------+--------+--------+--------+--------+-----+--------+

Top non-repeatable levels by time:
     D:1: 1062 daAuts
     D:2: 887 daAuts
   Sewer: 400 daAuts
     D:3: 83 daAuts
